 Dungeon Crawl Stone Soup version 0.23-a0-650-ga4d50d4 (webtiles) character file.

188 MalarOregon the Ducker (level 5, -1/39 HPs)
             Began as a Merfolk Transmuter on Jan 6, 2019.
             Slain by an orc priest (5 damage)
             ... on level 3 of the Dungeon.
             The game lasted 00:06:26 (3024 turns).

MalarOregon the Ducker (Merfolk Transmuter)         Turns: 3024, Time: 00:06:26

Health: -1/39      AC:  2    Str: 11    XL:     5   Next: 67%
Magic:  6/9        EV: 23    Int: 13    God:
Gold:   104        SH:  0    Dex: 19    Spells: 3/9 levels left

rFire    . . .     SeeInvis .     - Unarmed
rCold    . . .     Gourm    .   (shield currently unavailable)
rNeg     . . .     Faith    .   (armour currently unavailable)
rPois    x         Spirit   .   (helmet currently unavailable)
rElec    .         Reflect  .   (cloak currently unavailable)
rCorr    .         Harm     .   (gloves currently unavailable)
MR       .....                  (boots currently unavailable)
Stlth    ++........             (no amulet)
HPRegen  0.13/turn              (no ring)
MPRegen  0.11/turn              (no ring)

@: spider-form (expiring)
A: tiny, (change form in water), (swift swim), (stealthy swim)
a: End Transformation


You were on level 3 of the Dungeon.
You were not hungry.
You were a venomous arachnid creature.
You visited 1 branch of the dungeon, and saw 3 of its levels.

You collected 104 gold pieces.

Inventory:

Missiles
 a - 45 arrows
Armour
 b - a +0 robe (melded)
Scrolls
 c - 2 scrolls of amnesia
 f - a scroll of magic mapping
Potions
 d - 2 potions of curing {unknown}
 m - a potion of brilliance {unknown}
Comestibles
 e - 9 rations {!d}
 h - 11 chunks of flesh


   Skills:
 + Level 2.5 Fighting
 + Level 4.1 Dodging
 + Level 4.1 Unarmed Combat
 + Level 2.7 Spellcasting
 + Level 4.0 Transmutations
 + Level 1.4 Poison Magic


You had 3 spell levels left.
You knew the following spells:

 Your Spells              Type           Power        Failure   Level  Hunger
a - Beastly Appendage     Tmut           ##....       13%         1    #......
s - Sticks to Snakes      Tmut           ##......     19%         2    ###....
x - Spider Form           Tmut/Pois      #.........   43%         3    ###....

Your spell library contained the following spells:

 Spells                   Type           Power        Failure   Level  Hunger
 Ice Form                 Ice/Tmut       #.......     87%         4    #####..
 Blade Hands              Tmut           ##........   90%         5    ######.


Dungeon Overview and Level Annotations

Branches:
Dungeon (3/15)

Altars:


Message History

The orc hits you with a +0 club.
You closely miss the orc. Your headbutt misses the orc.
The orc completely misses you.
You hit the orc.
You kill the orc!
No target in view!
Your transformation is almost over.
Things that are here:
a +0 club; a +0 chain mail; an orc corpse You butcher the orc corpse.
h - 11 chunks of flesh (gained 3)
Things that are here:
a +0 club; a +0 chain mail; an orc skeleton
Things that are here:
a +0 club; a +0 chain mail; an orc skeleton
Things that are here:
a +0 short sword; a +0 leather armour
a - 45 arrows (gained 19)
Things that are here:
a +0 short sword; a +0 leather armour
Things that are here:
a +0 club; a +0 chain mail; an orc skeleton A hobgoblin comes into view.
It is wielding a +0 club.
Your horns disappear.
A hobgoblin is nearby!
You turn into a venomous arachnid creature.
Your +0 robe melds into your body.
The hobgoblin shouts!
You bite the hobgoblin!
You kill the hobgoblin!
No target in view!
An orc priest comes into view.
The orc priest shouts!
You see here a +0 club.
An orc priest is nearby!
An orc priest is nearby!
Your transformation is almost over.
The orc priest invokes the aid of Beogh against you.
Pain shoots through your body! The orc priest closely misses you.
You closely miss the orc priest.
The orc priest mumbles some strange prayers to Beogh against you.
Pain shoots through your body!
* * * LOW HITPOINT WARNING * * *
You closely miss the orc priest.
The orc priest calls down the wrath of Beogh upon you.
Beogh smites you!
* * * LOW HITPOINT WARNING * * *
You hit the orc priest. The orc priest hits you.
You die...

#. #. #.## ..# ..##
#######..
.......o#######
#......s.......
#.#####.##############
#.# #.........#
#)####.#######.###
#..))..# #..).
######## #####


You could see an orc priest.

Vanquished Creatures
  An ogre (D:2)
  A bullfrog skeleton (D:2)
  An adder (D:2)
  2 worms (D:2)
  A dart slug (D:1)
  2 leopard geckos (D:1)
  2 orcs (D:3)
  7 giant cockroaches (D:2)
  7 goblins
  10 hobgoblins
  A quokka (D:2)
  2 ball pythons (D:1)
  6 bats
  A frilled lizard (D:2)
  5 kobolds
  4 rats
53 creatures vanquished.

Notes
Turn   | Place    | Note
-------+----------+-------------------------------------------
     0 | D:1      | MalarOregon the Merfolk Transmuter began the quest for the
                  | Orb.
     0 | D:1      | Reached XP level 1. HP: 15/15 MP: 3/3
   107 | D:1      | Reached XP level 2. HP: 13/21 MP: 3/5
   311 | D:1      | Learned a level 2 spell: Sticks to Snakes
   802 | D:1      | Reached XP level 3. HP: 20/26 MP: 6/6
  1698 | D:2      | Reached XP level 4. HP: 17/33 MP: 7/7
  1846 | D:2      | Learned a level 3 spell: Spider Form
  2034 | D:2      | Noticed an ogre
  2045 | D:2      | Killed an ogre
  2045 | D:2      | Reached skill level 1 in Poison Magic
  2045 | D:2      | Reached XP level 5. HP: 18/39 MP: 5/9
  3024 | D:3      | Slain by an orc priest

Vault maps used:
D:1:      psy_arrival_radial02, serial_forest, infiniplex_forest_lined_ring,
          infiniplex_forest_straight_2, infiniplex_forest_lined_4_way,
          infiniplex_forest_straight_3, infiniplex_forest_straight_2,
          infiniplex_forest_corner_1
D:2:      minmay_roachtagon, chequers_serial_rivers_small_a, minmay_door_square
D:3:      grunt_ministairs_9

Skill      XL: |  1  2  3  4  5 |
---------------+----------------+-----
Dodging        | 3 4 |  4.1
Transmutations | 3 4 |  4.0
Fighting       | 2 |  2.5
Unarmed Combat | 4 |  4.1
Poison Magic   | 1 |  1.4
Spellcasting   | |  2.7

Action                   |  1- 3 |  4- 6 || total
-------------------------+-------+-------++-------
Melee: Unarmed           |    67 |    81 ||   148
       Headbutt          |    11 |     3 ||    14
       Short sword       |    23 |       ||    23
       Punch             |     1 |     1 ||     2
 Cast: Beastly Appendage |    20 |     3 ||    23
       Spider Form       |       |     8 ||     8
  Use: Scroll            |       |     6 ||     6
 Stab: Sleeping          |     1 |     2 ||     3
       Distracted        |       |     1 ||     1
  Eat: Chunk             |     3 |     5 ||     8
Armor: Robe              |    12 |     6 ||    18
       Skin              |       |     2 ||     2
Dodge: Dodged            |    46 |    68 ||   114

Table legend:
 A = Non-vault XP
 B = Vault XP
 C = Vault XP percentage of total XP
 D = Non-vault monster count
 E = Vault monster count
 F = Vault count percentage of total count
                 A         B        C        D         E       F
            +---------+---------+-------+---------+---------+-------
      Total |     255 |      14 |   5.2 |      46 |       7 |  13.2
            +---------+---------+-------+---------+---------+-------
        D:1 |      46 |       0 |   0.0 |      26 |       0 |   0.0
        D:2 |     199 |      14 |   6.6 |      16 |       7 |  30.4
        D:3 |      10 |       0 |   0.0 |       4 |       0 |   0.0
            +---------+---------+-------+---------+---------+-------
